 Dungeon Crawl Stone Soup version 0.30-a0-1043-g60ff8d5f49 (webtiles) character file.

Game seed: 10753854030281984198

423 NateTC the Trooper (level 6, -3/41 HPs)
             Began as a Gargoyle Fighter on Apr 9, 2023.
             Was a Follower of Okawaru.
             Killed by divine providence
             ... invoked by an orc priest
              (17 damage)
             ... on level 4 of the Dungeon.
             The game lasted 00:07:04 (3070 turns).

NateTC the Trooper (Gargoyle Fighter)               Turns: 3070, Time: 00:07:05

Health: -3/41      AC: 13    Str: 22    XL:     6   Next: 95%
Magic:  6/6        EV: 13    Int:  8    God:    Okawaru [*.....]
Gold:   239        SH:  4    Dex:  9    Spells: 5/5 levels left

rFire   . . .      SeeInvis .    a - +1 flail (heavy)
rCold   . . .      Faith    .    c - +0 buckler
rNeg    + . .      Spirit   .    k - +0 chain mail
rPois   ∞          Reflect  .    (no helmet)
rElec   +          Rampage  .    (no cloak)
rCorr   .                        (no gloves)
Will    .....                    (no boots) Stlth
                                 (no amulet)
HPRegen 0.26/turn                j - +5 ring of evasion
MPRegen 0.10/turn                (no ring)

@: mighty
A: sickness immunity, AC +4, negative energy resistance 1, electricity
resistance, torment resistance 1, petrification resistance
a: Renounce Religion, Heroism


You were on level 4 of the Dungeon.
You worshipped Okawaru.
Okawaru was aware of your devotion.
You visited 1 branch of the dungeon, and saw 4 of its levels.

You collected 239 gold pieces.

Inventory:

Hand Weapons
 a - a +1 heavy flail (weapon)
Armour
 c - a +0 buckler (worn)
 k - a +0 chain mail (worn)
Jewellery
 i - an amulet of magic regeneration
 j - a +5 ring of evasion (left hand)
Wands
 f - a wand of roots (8)
Scrolls
 b - a scroll of identify
 o - a scroll of brand weapon {unknown}
Potions
 e - 2 potions of attraction
 h - a potion of berserk rage {unknown}
 l - 2 potions of heal wounds
 m - a potion of degeneration {unknown}
 n - 2 potions of flight {unknown}


   Skills:
 * Level 6.3 Fighting
 - Level 4.1 Maces & Flails
 + Level 4.1 Armour
 + Level 4.0 Shields


You had 5 spell levels left.
You didn't know any spells.
Your spell library contained the following spells:

 Spells                   Type           Power      Damage    Failure   Level
 Static Discharge         Conj/Air       0%         2-2/arc   99%         2
 Inner Flame              Hex/Fire       0%         N/A       100%        3
 Airstrike                Air            0%         2d(0-16)  100%        4
 Flame Wave               Conj/Fire      0%         2d4       100%        4
 Sticky Flame             Conj/Fire      0%         2d3       100%        4
 Summon Lightning Spire   Summ/Air       Unusable   N/A       N/A         4

Dungeon Overview and Level Annotations

Branches:
Dungeon (4/15) Zot: 20755  Temple (0/1) D:4

Altars:
Ashenzari
Dithmenos
Fedhas
Nemelex Xobeh
Okawaru
Qazlal
Trog
Uskayaw
Vehumet
Wu Jian


Innate Abilities, Weirdness & Mutations

You are immune to sickness and miasma.
Your stone body is resilient. (AC +4)
You are immune to poison.
You resist negative energy. (rN+)
You are resistant to electric shocks. (rElec)
You are resistant to unholy torment.
You are immune to petrification.


Message History

* * * LOW HITPOINT WARNING * * *
The jackal bites you but does no damage.
Okay, then.
It was a potion of heal wounds.
You feel much better. The orc hits you but does no damage.
The orc priest closely misses you. The jackal barely misses you.
You completely miss the orc priest.
The jackal bites you but does no damage.
The orc priest hits you but does no damage.
The orc hits you but does no damage. The jackal barely misses you.
The orc priest hits you but does no damage.
The orc closely misses you. You block the jackal's attack.
You hit the orc priest.
The orc priest is lightly wounded.
The jackal barely misses you.
The orc priest mumbles some strange prayers to Beogh against you.
Beogh smites you!
The orc priest calls upon Beogh to heal the orc.
The orc's wounds heal themselves!
The orc hits you but does no damage. The jackal closely misses you.
You block the orc priest's attack. The orc hits you but does no damage.
You feel very mighty all of a sudden. You block the jackal's attack.
The orc priest looks satisfied for a moment.
The orc closely misses you. The orc priest completely misses you.
The jackal misses you.
You completely miss the orc priest.
The orc priest is lightly wounded.
You block the jackal's attack.
The orc priest looks encouraged for a moment.
The orc priest begins to cast a cantrip, but forgets the words!
The orc hits you with a +0 club. The jackal barely misses you.
The orc priest hits you but does no damage.
The orc hits you but does no damage.
You sock the orc priest!
The orc priest is almost dead.
The jackal misses you. You block the jackal's attack.
The orc priest invokes the aid of Beogh against you.
Beogh smites you!
You die...

##.....'........##..##...##..#
#....##.........'..##'####..#
#....##.........#.......#...#
#....#..........#.......+...#
#....##....##...#.......#....
#....########..##..##...#.<..
#######.oo.'o..##..##...#...#
.........#oh.#...##...##..#
...o.oh..#@o.#...##...#####
...###...######..##........ ..
#...# #..##.......# . .....
#..##...##..# #.....
#..##...##### .....##
#....#... #....#... #.[.###.#
##### ###


You could see 2 orc priests, an orc and a jackal.

Vanquished Creatures
  An ogre (D:4)
  4 orc priests
  A hound (D:3)
  An iguana (D:4)
  2 gnolls
  3 adders (D:3)
  A white imp (D:3)
  2 ufetubi (D:4)
  17 orcs
  5 ball pythons
  5 bats
  4 endoplasms
  4 giant cockroaches
  4 goblins
  3 hobgoblins
  10 jackals (D:4)
  3 quokkas
  2 frilled lizards
  14 kobolds
  2 rats
88 creatures vanquished.

Notes
Turn   | Place    | Note
-------+----------+-------------------------------------------
     0 | D:1      | NateTC the Gargoyle Fighter began the quest for the Orb.
     0 | D:1      | Reached XP level 1. HP: 14/14 MP: 1/1
   209 | D:1      | Reached XP level 2. HP: 19/19 MP: 2/2
   554 | D:2      | Reached XP level 3. HP: 13/24 MP: 3/3
   624 | D:2      | Reached skill level 4 in Fighting
   881 | D:2      | Found an iron altar of Okawaru.
  1005 | D:2      | Became a worshipper of Warmaster Okawaru
  1086 | D:2      | Found a faded altar of an unknown god.
  1345 | D:3      | Reached XP level 4. HP: 30/30 MP: 4/4
  1352 | D:3      | Found a broken altar of Ashenzari.
  1357 | D:3      | Found a shadowy altar of Dithmenos.
  1360 | D:3      | Found a hide-covered altar of Uskayaw.
  1360 | D:3      | Found a blossoming altar of Fedhas.
  1369 | D:3      | Found an ornate altar of the Wu Jian Council.
  1485 | D:3      | Found a bloodstained altar of Trog.
  1493 | D:3      | Reached XP level 5. HP: 30/34 MP: 2/5
  1752 | D:3      | Reached skill level 5 in Fighting
  1770 | D:3      | Found a sparkling altar of Nemelex Xobeh.
  2260 | D:4      | Found a radiant altar of Vehumet.
  2328 | D:4      | Found a stormy altar of Qazlal.
  2348 | D:4      | Noticed an ogre
  2354 | D:4      | Killed an ogre
  2355 | D:4      | Reached XP level 6. HP: 18/41 MP: 6/6
  2458 | D:4      | Reached * piety under Okawaru
  2720 | D:4      | Reached skill level 6 in Fighting
  2834 | D:4      | Found an iron altar of Okawaru.
  2848 | D:4      | Found a staircase to the Ecumenical Temple.
  3061 | D:4      | HP: 2/41 [jackal (1)]
  3070 | D:4      | Killed from afar by an orc priest

Illustrated notes

Levels and vault maps discovered:
D:1:      wheals_arrival_linesprint, layout_basic
D:2:      minmay_angry_zag, layout_basic, basic_altar,
          nicolae_ecumenical_oubliette
D:3:      layout_loops_cross, trog_antimagical, old_standard_altar,
          nicolae_overflow_hallway_of_the_gods
D:4:      layout_gridville, kennysheep_okawaru_gauntlet,
          mainiacjoe_overflow_catwalk_spiral, minmay_temple_entry_proselytizer

Skill      XL: |  1  2  3  4  5  6 |
---------------+-------------------+-----
Fighting       | 4 5 6 |  6.3
Maces & Flails | 3 4 |  4.1
Armour         | 4 |  4.1
Shields        | 4 |  4.0

Action                     |  1- 3 |  4- 6 || total
---------------------------+-------+-------++-------
  Melee: Flail             |   102 |   137 ||   239
    Use: Scroll            |     4 |     1 ||     5
         Potion            |       |     7 ||     7
 Armour: Scale mail        |    74 |    38 ||   112
         Chain mail        |       |    87 ||    87
  Dodge: Dodged            |    83 |   193 ||   276
  Block: Buckler           |    26 |    61 ||    87

Table legend: (Time is in decaauts)
 A = Elapsed time spent in this place.
 B = Non-inter-level travel time spent in this place.
 C = Inter-level travel time spent in this place.
 D = Time resting spent in this place.
 E = Time spent auto-exploring this place.
 F = Levels seen in this place.
 G = Mean time per level.
                   A        B        C        D        E       F      G
               +--------+--------+--------+--------+--------+-----+--------+
         Total |   3243 |   2978 |    265 |    426 |   1750 |   4 |  810.8 |
       Dungeon |   3243 |   2978 |    265 |    426 |   1750 |   4 |  810.8 |
               +--------+--------+--------+--------+--------+-----+--------+

Top non-repeatable levels by time:
     D:3: 981 daAuts
     D:4: 874 daAuts
     D:2: 841 daAuts
     D:1: 546 daAuts
